 Dungeon Crawl Stone Soup version 0.27-a0-34-gc18c9092ac (webtiles) character file.

Game seed: 9103225151542205059

60 jestyr24 the Digger (level 3, 31/31 HPs)
             Began as a Deep Dwarf Earth Elementalist on Jan 5, 2021.
             Quit the game on level 2 of the Dungeon.
             The game lasted 00:11:25 (1670 turns).

jestyr24 the Digger (Deep Dwarf Earth Elementalist) Turns: 1670, Time: 00:11:26

Health: 31/31      AC:  2    Str: 11    XL:     3   Next: 82%
Magic:  2/5        EV: 12    Int: 16    God:
Gold:   36         SH:  3    Dex: 13    Spells: 5/6 levels left

rFire    . . .     SeeInvis .   l - +0 mace
rCold    . . .     Faith    .   j - +0 buckler
rNeg     . . .     Spirit   .   c - +0 robe
rPois    +         Reflect  .   (no helmet)
rElec    .         Harm     .   (no cloak)
rCorr    .         Rampage  .   (no gloves)
Will     .....                  (no boots)
Stlth    ++........             (no amulet)
HPRegen  0.00/turn              k - ring of poison resistance
MPRegen  0.09/turn              (no ring)

@: non-regenerating
A: damage resistance, heal wounds, sense surroundings 1, no regeneration
a: Heal Wounds


You were on level 2 of the Dungeon.
You visited 1 branch of the dungeon, and saw 2 of its levels.

You collected 36 gold pieces.

Inventory:

Hand Weapons
 l - a +0 mace (weapon)
 p - a +1 dagger of electrocution
Missiles
 b - 36 stones (quivered)
 m - 8 atropa-tipped darts
Armour
 c - a +0 robe (worn)
 j - a +0 buckler (worn)
Jewellery
 k - a ring of poison resistance (left hand)
Scrolls
 a - 3 scrolls of enchant armour {unknown}
 e - 3 scrolls of identify {unknown}
 f - a scroll of magic mapping {unknown}
 g - a scroll of amnesia {unknown}
 h - 2 scrolls of remove curse {unknown}
 i - a scroll of fear {unknown}
 o - a scroll of teleportation {unknown}
Potions
 d - 2 potions of heal wounds {unknown}
 n - a potion of lignification {unknown}


   Skills:
 * Level 1.3 Fighting
 * Level 1.0 Maces & Flails
 - Level 0.1 Polearms
 - Level 2.3 Dodging
 - Level 2.5 Stealth
 - Level 2.0 Spellcasting
 - Level 0.8 Transmutations
 - Level 5.1 Earth Magic


You had 5 spell levels left.
You knew the following spells:

 Your Spells              Type           Power        Failure   Level
a - Sandblast             Erth           36%          4%          1

Your spell library contained the following spells:

 Spells                   Type           Power        Failure   Level
 Passwall                 Tmut/Erth      9%           16%         2
 Stone Arrow              Conj/Erth      18%          34%         3
 Petrify                  Tmut/Erth      11%          69%         4
 Lee's Rapid Deconstruct  Erth           9%           75%         5


Dungeon Overview and Level Annotations

Branches:
Dungeon (2/15)

Altars:
Xom


Innate Abilities, Weirdness & Mutations

You are resistant to damage.
You can heal yourself by infusing magical energy.
You passively map a small area around you.
You do not regenerate.


Message History

Confirm with . or Enter, or press ? or * to list all spells.
You don't have enough magic to cast that spell.
Unknown command.
You closely miss the quokka. The quokka closely misses you. x2
You hit the quokka.
You kill the quokka!
Your magical contamination has completely faded away.
Your Maces & Flails skill increases to level 1!
You fail to use your ability.
Okay, then.
Okay, then.
You fail to use your ability.
You fail to use your ability.
Your magical essence is drained by the effort!
You feel much better.
A kobold comes into view.
A giant cockroach comes into view.
You see here a bat corpse.
There are monsters nearby!
Unknown command.
Are you sure you want to abandon this character and quit the game? (Confirm with "yes".)

##...####.# ,
##..†..##..# ## ≈ ...#.,
#.......#### #. .....
#..._...# #. ≈...#
#.......# #., ....## *
##.....## #.##......
.##...### ### .........
**
#######.###.####........,
, #.# #.##...†..@B......
* *
##.####.#.#.#.##.......#
#...........##.#......##
#..####.#.###.##.#..K##
........##.#.#*#.#..##*
#..###### #.# .......
#............. ... ....,
#.#########*###... ##.#
#.# *


You could see a giant cockroach and a kobold (asleep).

Vanquished Creatures
  2 adders (D:2)
  An ooze (D:2)
  A dart slug (D:1)
  2 leopard geckos
  4 bats
  2 giant cockroaches
  5 goblins
  4 hobgoblins
  A quokka (D:2)
  2 frilled lizards (D:2)
  7 kobolds
  3 rats
34 creatures vanquished.

Notes
Turn   | Place    | Note
-------+----------+-------------------------------------------
     0 | D:1      | jestyr24 the Deep Dwarf Earth Elementalist began the quest
                  | for the Orb.
     0 | D:1      | Reached XP level 1. HP: 15/15 MP: 3/3
   322 | D:1      | Reached XP level 2. HP: 22/22 MP: 2/4
   706 | D:1      | Reached skill level 5 in Earth Magic
  1065 | D:2      | Reached XP level 3. HP: 24/30 MP: 3/6
  1246 | D:2      | Reached skill level 1 in Fighting
  1463 | D:2      | Found a shimmering altar of Xom.
  1659 | D:2      | Reached skill level 1 in Maces & Flails
  1670 | D:2      | Quit the game

Illustrated notes

Levels and vault maps discovered:
D:1:      lightli_arrival_maybe_door_vault, layout_loops_ring
D:2:      layout_loops_ring, lemuel_round_altar, corexii_leaking_fountain,
          nicolae_qazlal_eye_of_the_storm

Skill      XL: |  1  2  3 |
---------------+----------+-----
Earth Magic    | 5 |  5.1
Spellcasting   | 2 |  2.0
Fighting       | 1 |  1.3
Maces & Flails | 1 |  1.0
Polearms       | |  0.1
Dodging        | |  2.3
Stealth        | |  2.5
Transmutations | |  0.8

Action                   || total
-------------------------++-------
Melee: Spear             ||    33
       Mace              ||    18
 Cast: Sandblast         ||    30
 Abil: Heal Wounds       ||     1
  Use: Potion            ||     1
 Stab: Sleeping          ||     2
Armor: Robe              ||    13
Dodge: Dodged            ||    39
Block: Buckler           ||    14

Table legend: (Time is in decaauts)
 A = Elapsed time spent in this place.
 B = Non-inter-level travel time spent in this place.
 C = Inter-level travel time spent in this place.
 D = Time resting spent in this place.
 E = Time spent auto-exploring this place.
 F = Levels seen in this place.
 G = Mean time per level.
                   A        B        C        D        E       F      G
               +--------+--------+--------+--------+--------+-----+--------+
         Total |   1679 |   1658 |     21 |    122 |    870 |   2 |  839.5 |
       Dungeon |   1679 |   1658 |     21 |    122 |    870 |   2 |  839.5 |
               +--------+--------+--------+--------+--------+-----+--------+

Top non-repeatable levels by time:
     D:1: 1007 daAuts
     D:2: 672 daAuts
